 Dungeon Crawl Stone Soup version 0.18-b1-16-g289874d (webtiles) character file.

65 RudyRod the Grave Robber (level 3, 0/24 HPs)
             Began as a Demonspawn Necromancer on May 1, 2016.
             Slain by Ijyb (2 damage)
             ... on level 2 of the Dungeon.
             The game lasted 00:14:22 (2263 turns).

RudyRod the Grave Robber (Demonspawn Necromancer)   Turns: 2263, Time: 00:14:23

Health: 0/24       AC:  8    Str:  8    XL:     3   Next: 92%
Magic:  0/7        EV:  9    Int: 17    God:
Gold:   68         SH:  0    Dex: 13    Spells: 1 memorised, 6 levels left

rFire  . . .     SeeInvis .     e - +0 club
rCold  + . .     Gourm    .     g - +2 ring mail {rPois}
rNeg   . . .     Faith    .     (no shield)
rPois  +         Spirit   .     (helmet restricted)
rElec  .         Dismiss  .     (no cloak)
rCorr  .         Reflect  .     k - +0 pair of gloves
SustAt .         Harm     .     (no boots)
MR     +....                    (no amulet)
Stlth  +.........               (no ring)
                                q - ring of protection from magic

@: very slightly contaminated, heavily drained, somewhat resistant to hostile
enchantments, very unstealthy
A: horns 1, cold resistance 1
a: no special abilities


You were on level 2 of the Dungeon.
You were hungry.

You visited 1 branch of the dungeon, and saw 2 of its levels.

You collected 68 gold pieces.

Inventory:

Hand Weapons
 e - a +0 club (weapon)
Armour
 a - a +0 robe
 g - a +2 ring mail of poison resistance (worn)
 k - a +0 pair of gloves (worn)
Jewellery
 q - a ring of protection from magic (left hand)
Scrolls
 d - a scroll of remove curse
 f - a scroll of teleportation {unknown}
 h - a scroll of random uselessness {unknown}
 o - a scroll of fog {unknown}
 s - 5 scrolls of identify {unknown}
Potions
 j - a potion of flight {unknown}
 m - a potion of ambrosia {unknown}
 r - a potion of cure mutation {unknown}
Books
 b - a book of Necromancy

   Spells                             Type                      Level
   a - Pain                           Necromancy                   1
   b - Animate Skeleton               Necromancy                   1
   c - Vampiric Draining              Necromancy                   3
   d - Regeneration                   Charms/Necromancy            3
   e - Animate Dead                   Necromancy                   4
   f - Control Undead                 Necromancy                   4
Comestibles
 c - 5 bread rations
 i - a meat ration
 l - a royal jelly
 p - a beef jerky
 t - 7 chunks of flesh


   Skills:
 + Level 0.2(0.0) Fighting
 + Level 0.1(0.0) Armour
 + Level 2.1(0.3) Dodging
 + Level 1.9(0.2) Stealth
 + Level 2.9(1.0) Spellcasting
 * Level 5.1(3.2) Necromancy


You had 6 spell levels left.
You knew the following spells:

 Your Spells              Type           Power        Failure   Level  Hunger
a - Pain                  Necr           ##..         21%         1    ##.....


Dungeon Overview and Level Annotations

Branches:
Dungeon (2/15)

Altars:
Ashenzari
Okawaru
Trog

Annotations:
D:2 Ijyb


Innate Abilities, Weirdness & Mutations

You have a pair of small horns on your head.
Your flesh is cold resistant.


Message History

Press: ? - help, Shift-Dir - straight line, f/p - Ijyb
Aim: Ijyb, wearing a dyed leather armour (almost dead, chance to defeat MR: 73%) Ijyb struggles to resist.
Ijyb hits you but does no damage.
You barely miss Ijyb. Your headbutt misses Ijyb.
Ijyb is almost dead.
Ijyb barely misses you.
You hit Ijyb but do no damage.
Ijyb is almost dead.
Ijyb completely misses you.
Ijyb screams, "No!
No, no, no, no!"
Ijyb hits you.
* * * LOW HITPOINT WARNING * * *
You closely miss Ijyb.
Ijyb is almost dead.
Ijyb hits you.
* * * LOW HITPOINT WARNING * * *
You hit Ijyb but do no damage.
Ijyb is almost dead.
Ijyb hits you.
You die...

.....>..#
........#######
..............#
........#####.#####
........# #......#
#.......# #..###.#
#.......# #..# #.#
####.#### #..###.##
#.# #...g@..# #'#
#.####..##
#.####...##
..........###
..####......#
#≈≈≈##..#"# ≈≈≈≈≈
#..#.# ....#
≈≈#≈#≈##.#.#
....#≈≈≈≈≈≈≈≈≈.#.#


You could see Ijyb.

Vanquished Creatures
  2 adders (D:2)
  An ooze (D:2)
  A giant gecko (D:2)
  3 bats
  5 giant cockroaches
  2 goblins (D:1)
  8 hobgoblins
  2 jackals (D:1)
  2 kobolds
  2 ball pythons
  5 giant newts
  4 rats
37 creatures vanquished.

Notes
Turn   | Place    | Note
--------------------------------------------------------------
     0 | D:1      | RudyRod the Demonspawn Necromancer began the quest for the Orb.
     0 | D:1      | Reached XP level 1. HP: 13/13 MP: 3/3
   402 | D:1      | Gained mutation: You have a pair of small horns on your head. [demonic ancestry]
   402 | D:1      | Reached XP level 2. HP: 19/19 MP: 3/5
   962 | D:2      | Found a shattered altar of Ashenzari.
  1027 | D:2      | Found a bloodstained altar of Trog.
  1117 | D:2      | Gained mutation: Your flesh is cold resistant. [demonic ancestry]
  1117 | D:2      | Reached XP level 3. HP: 17/24 MP: 0/6
  1319 | D:2      | Noticed Ijyb
  1965 | D:2      | Reached skill level 5 in Necromancy
  2080 | D:2      | Found an iron altar of Okawaru.
  2263 | D:2      | Slain by Ijyb

Skill      XL: |  1  2  3 |
---------------+----------+-----
Dodging        | 2 |  2.1
Necromancy     | 5 |  5.1
Fighting       | |  0.2
Armour         | |  0.1
Stealth        | |  1.9
Spellcasting   | |  2.9

Action                   || total
-------------------------++-------
Melee: Club              ||    39
       Headbutt          ||     4
 Cast: Pain              ||    72
  Use: Scroll            ||     1
  Eat: Chunk             ||     5
Armor: Ring mail         ||    38
Dodge: Dodged            ||    42
